 Dungeon Crawl Stone Soup version 0.20.1-1-g8b1a95d (webtiles) character file.

107 dohliylev the Sneak (level 4, -8/31 HPs)
             Began as a Vampire Enchanter on July 15, 2017.
             Killed from afar by Blork the orc (9 damage)
             ... with a magic dart
             ... on level 4 of the Dungeon.
             The game lasted 00:07:06 (2588 turns).

dohliylev the Sneak (Vampire Enchanter)             Turns: 2588, Time: 00:07:06

Health: -8/31      AC:  0    Str:  7    XL:     4   Next: 56%
Magic:  2/7        EV: 20    Int: 18    God:
Gold:   98         SH:  0    Dex: 19    Spells: 5/7 levels left

rFire    . . .     SeeInvis +   (weapon currently unavailable)
rCold    + . .     Gourm    .   (shield currently unavailable)
rNeg     + + .     Faith    .   (armour currently unavailable)
rPois    +         Spirit   .   (helmet currently unavailable)
rElec    .         Reflect  .   (cloak currently unavailable)
rCorr    .         Harm     .   (gloves currently unavailable)
MR       .....                  (boots currently unavailable)
Stlth    ++++++....             f - amulet of rage
Regen    0.1/turn               (ring currently unavailable)
MPRegen  0.1/turn               (ring currently unavailable)

@: bat-form, flying, very slightly contaminated, regenerating slowly, very quick
A: fangs 3, see invisible
a: End Transformation, Evoke Berserk Rage


You were on level 4 of the Dungeon.
You were thirsty.
You were in vampire-bat-form.
You visited 1 branch of the dungeon, and saw 4 of its levels.

You collected 98 gold pieces.

Inventory:

Hand Weapons
 a - a +1 dagger (melded)
Armour
 b - a +0 robe (melded)
Jewellery
 f - an amulet of rage (around neck)
 l - a +3 ring of evasion (melded)
 q - a ring of positive energy (melded)
Scrolls
 e - 3 scrolls of identify {unknown}
 g - a scroll of fog {unknown}
 h - a scroll of recharging {unknown}
 i - 2 scrolls of teleportation {unknown}
 j - 2 scrolls of amnesia
 k - a scroll of enchant armour {unknown}
 m - 4 scrolls of remove curse {unknown}
Potions
 d - 11 potions of blood
 n - 2 potions of flight {unknown}
 o - 2 potions of cancellation {unknown}
 p - a potion of curing {unknown}
Books
 c - a book of Maledictions

   Spells                             Type                      Level
   a - Corona                         Hexes                        1
   b - Ensorcelled Hibernation        Hexes/Ice                    2
   c - Confuse                        Hexes                        3
   d - Tukima's Dance                 Hexes                        3
   e - Dazzling Spray                 Conjuration/Hexes            3


   Skills:
 - Level 0.6 Fighting
 + Level 2.1 Short Blades
 - Level 2.1 Dodging
 + Level 7.2 Stealth
 - Level 2.0 Spellcasting
 - Level 4.4 Hexes
 + Level 0.8 Ice Magic
 + Level 0.3 Evocations


You had 5 spell levels left.
You knew the following spells:

 Your Spells              Type           Power        Failure   Level  Hunger
b - Ensorcelled Hibernat  Hex/Ice        ##....       10%         2    ###....


Dungeon Overview and Level Annotations

Branches:
Dungeon (4/15)
 Temple: D:4-7

Altars:
Ru

Annotations:
D:4 Blork the orc


Innate Abilities, Weirdness & Mutations

You heal slowly.
You have razor-sharp teeth.
You have supernaturally acute eyesight. (SInv)
((You can survive without breathing.))


Message History

Blork the orc gestures at you while chanting.
The puff of frost misses you.
Blork the orc gestures at you while chanting.
The magic dart hits you!
Okay, then.
Okay, then.
You turn into a vampire bat.
Your +1 dagger melds into your body.
Your +0 robe melds into your body.
Your +3 ring of evasion melds into your body.
Your ring of positive energy melds into your body.
Blork the orc points at you and mumbles some strange words.
The puff of frost hits you! You resist. Blork the orc casts a spell at you.
The magic dart hits you!
Blork the orc gestures at you while chanting.
The puff of flame hits you!
* * * LOW HITPOINT WARNING * * *
Blork the orc casts a spell at you. The magic dart hits you!
You die...

##..... #.......#
#.#.....# # )
#.#.....# #.###### .#
#.#.....# #...<..#
...#.#.....######.###
...#.........##.b..(#
#.......#....##.#.#.#
#...............#...#
#..........o.########
#.......#......(....
..........##########
#.......### #.......#
#....(..#


You could see Blork the orc.

Vanquished Creatures
  6 adders
  An ooze (D:2)
  2 worms (D:2)
  4 leopard geckos
  A bat (D:2)
  A giant cockroach (D:3)
  2 goblins
  6 hobgoblins
  2 jackals (D:2)
  A quokka (D:2)
  3 ball pythons
  3 frilled lizards
  4 kobolds
  5 rats
41 creatures vanquished.

Notes
Turn   | Place    | Note
-------+----------+-------------------------------------------
     0 | D:1      | dohliylev the Vampire Enchanter began the quest for the Orb.
     0 | D:1      | Reached XP level 1. HP: 13/13 MP: 3/3
   662 | D:2      | Reached skill level 5 in Stealth
   665 | D:2      | Reached XP level 2. HP: 18/19 MP: 5/5
   669 | D:2      | Learned a level 2 spell: Ensorcelled Hibernation
   824 | D:2      | Reached skill level 6 in Stealth
   886 | D:2      | Reached XP level 3. HP: 24/25 MP: 6/6
  1109 | D:2      | Reached XP level 4. HP: 19/31 MP: 4/7
  1934 | D:3      | Found a sacrificial altar of Ru.
  2254 | D:3      | Found a faded altar of an unknown god.
  2437 | D:3      | Reached skill level 7 in Stealth
  2565 | D:4      | Noticed Blork the orc
  2584 | D:4      | HP: 1/31 [Blork the orc/puff of flame (11)]
  2588 | D:4      | Killed from afar by Blork the orc

Skill      XL: |  1  2  3  4 |
---------------+-------------+-----
Stealth        | 5 6 7 |  7.2
Short Blades   | 2 |  2.1
Fighting       | |  0.6
Dodging        | |  2.1
Spellcasting   | |  2.0
Hexes          | |  4.4
Ice Magic      | |  0.8
Evocations     | |  0.3

Action                   |  1- 3 |  4- 6 || total
-------------------------+-------+-------++-------
Melee: Dagger            |    46 |    38 ||    84
       Bite              |     1 |     1 ||     2
 Cast: Ensorcelled Hiber |     9 |    17 ||    26
 Abil: Bat Form          |       |     1 ||     1
       Evoke Berserk Rag |       |     1 ||     1
  Use: Scroll            |       |     1 ||     1
 Stab: Sleeping          |    15 |    12 ||    27
       Distracted        |       |     2 ||     2
  Eat: Corpse            |     2 |     5 ||     7
Armor: Robe              |     3 |     5 ||     8
Dodge: Dodged            |    23 |    31 ||    54
